AoeStats
← [GG] Shevchenko 7

African Clearing

506526470Analyzed
3v3 RM · 20d ago on Sep 13, 2026· 44m 59s· 6 players
Game mode
Random Map
Map size
Normal (6 player)
Population
200
Speed
Normal
Resources
Standard
Victory
Conquest
Starting age
Dark Age
Ending age
Imperial Age
RankedLock teamsTeams togetherTeam positionsShared explorationLock speedFull tech treeHidden civsTurbo modeCheats
Victory
Defeat
1005
+14
🇧🇷 Huns · Brazil
992
+14
🇧🇷 Byzantines · Brazil
945
+16
🇧🇷 Franks · Brazil
993
-16
🇺🇸 Burgundians · United States
933
-14
🇺🇸 Cumans · United States
931
-14
Cyan
6:47 Loom
15:37 Feudal Age
16:23 Double-Bit Axe
21:49 Wheelbarrow
25:11 Town Watch
31:34 Castle Age
30:43 Fletching
32:16 Horse Collar
36:22 Hand Cart
36:49 Thumb Ring
38:48 Town Patrol
39:14 Steppe Husbandry
40:15 Capped Ram
42:28 Elite Skirmisher
47:24 Imperial Age
galv
5:21 Loom
14:17 Feudal Age
16:33 Double-Bit Axe
18:04 Scale Barding Armor
18:13 Forging
29:45 Castle Age
28:05 Stone Mining
28:24 Town Watch
29:17 Wheelbarrow
29:44 Gold Mining
31:29 Husbandry
32:42 Gold Shaft Mining
32:52 Bow Saw
34:10 Fletching
36:38 Squires
35:59 Pikeman
37:32 Arson
37:33 Gambesons
37:11 Elite Skirmisher
38:11 Bodkin Arrow
42:03 Imperial Age
42:03 Scale Mail Armor
44:42 Halberdier
dannyk701
14:19 Feudal Age
15:02 Arson
15:49 Horse Collar
15:56 Double-Bit Axe
16:24 Forging
22:51 Heavy Plow
24:50 Scale Barding Armor
25:07 Scale Mail Armor
28:12 Castle Age
28:17 Cavalier
29:20 Squires
29:49 Husbandry
30:18 Gold Mining
45:09 Imperial Age
[GG] Raúl González Blanco
3:34 Loom
12:47 Feudal Age
15:35 Bloodlines
21:29 Castle Age
20:12 Forging
20:08 Scale Barding Armor
23:50 Fletching
24:09 Kamandaran
25:30 Crossbowman
26:17 Husbandry
29:15 Thumb Ring
28:58 Town Watch
31:50 Double-Bit Axe
34:32 Chain Barding Armor
34:31 Pikeman
35:41 Bodkin Arrow
38:23 Iron Casting
37:48 Padded Archer Armor
42:19 Imperial Age
40:50 Leather Archer Armor
43:45 Chemistry
43:06 Ballistics
45:37 Ring Archer Armor
[GG] Shevchenko 7
3:27 Loom
14:12 Feudal Age
20:43 Castle Age
19:32 Fletching
28:50 Crossbowman
33:12 Scale Mail Armor
35:06 Wheelbarrow
35:45 Pikeman
41:44 Imperial Age
42:44 Husbandry
42:51 Scale Barding Armor
42:57 Forging
42:43 Bodkin Arrow
43:24 Halberdier
44:05 Squires
[GG] Ibrahimovic
8:59 Loom
16:43 Feudal Age
17:11 Horse Collar
17:22 Double-Bit Axe
17:27 Man-at-Arms
20:28 Forging
21:08 Padded Archer Armor
21:43 Scale Mail Armor
27:12 Castle Age
26:03 Scale Barding Armor
29:26 Iron Casting
30:23 Wheelbarrow
31:19 Elite Skirmisher
33:29 Husbandry
34:18 Leather Archer Armor
40:20 Caravan
41:08 Ballistics
41:13 Chain Barding Armor
42:34 Hand Cart
Connection lost

Rejoining the realm…

Still unreachable

The connection could not be restored.

Session expired

The server has moved on; the page needs a fresh start.